 Dungeon Crawl Stone Soup version 0.30.0-29-ga12c61a403 (webtiles) character file.

Game seed: 12209862235880380174

3607 Peloso the Carver (level 9, -7/79 HPs)
             Began as a Minotaur Fighter on June 3, 2023.
             Mangled by a hornet (10 damage)
             ... on level 7 of the Dungeon.
             The game lasted 00:16:16 (6599 turns).

Peloso the Carver (Minotaur Fighter)                Turns: 6599, Time: 00:16:20

Health: -7/79      AC: 14    Str: 24    XL:     9   Next: 86%
Magic:  8/8        EV: 10    Int:  5    God:
Gold:   333        SH:  5    Dex: 11    Spells: 8/8 levels left

rFire   . . .        a - +1 long sword (freeze)
rCold   . . .        d - +0 buckler
rNeg    + . .        k - +0 chain mail
rPois   .            (helmet restricted)
rElec   .            c - +0 cloak
rCorr   +            (no gloves)
SInv    .            n - +0 pair of boots
Will    .....        (no amulet) Stlth
                     e - ring of resist corrosion
HPRegen 0.33/turn    l - ring of positive energy
MPRegen 0.11/turn

%: no passive effects
@: lethally poisoned (-7 -> -11), slowed, very slow
A: horns 2, retaliatory headbutt
a: no special abilities


You were on level 7 of the Dungeon.
You visited 2 branches of the dungeon, and saw 8 of its levels.
You also visited: Ossuary.

You collected 333 gold pieces.

Inventory:

Hand Weapons
 a - a +1 long sword of freezing (weapon)
 b - a +0 hand axe of flaming
Missiles
 t - 3 throwing nets (quivered)
Armour
 c - a +0 cloak (worn)
 d - a +0 buckler (worn)
 k - a +0 chain mail (worn)
 n - a +0 pair of boots (worn)
Jewellery
 e - a ring of resist corrosion (left hand)
 l - a ring of positive energy (right hand)
 B - a ring of fire
Wands
 i - a wand of digging (6)
 x - a wand of flame (36)
 z - a wand of polymorph (15)
Scrolls
 h - 2 scrolls of fear
 m - a scroll of poison
 o - 2 scrolls of immolation
 p - 5 scrolls of amnesia
 r - 3 scrolls of teleportation
 s - 2 scrolls of enchant weapon
 w - a scroll of blinking
 y - 2 scrolls of fog
Potions
 f - 2 potions of mutation
 g - 2 potions of flight
 j - 2 potions of haste
 q - a potion of brilliance
 u - a potion of might
 v - 2 potions of berserk rage {unknown}
 A - 2 potions of curing


   Skills:
 + Level 7.4 Fighting
 + Level 11.0 Long Blades
 + Level 9.8 Armour
 + Level 4.1 Dodging
 + Level 0.1 Stealth
 + Level 6.2 Shields


You had 8 spell levels left.
You didn't know any spells.
Your spell library contained the following spells:

 Spells                   Type           Power      Damage    Failure   Level
 Apportation              Tloc           0%         N/A       95%         1
 Blink                    Tloc           0%         N/A       99%         2
 Lesser Beckoning         Tloc           0%         N/A       99%         2
 Momentum Strike          Conj/Tloc      0%         3d8       99%         2
 Alistair's Intoxication  Tmut/Pois      0%         N/A       100%        5
 Summon Forest            Summ/Tloc      0%         N/A       100%        5
 Summon Mana Viper        Hex/Summ       0%         N/A       100%        5
 Summon Cactus Giant      Summ           0%         N/A       100%        6


Dungeon Overview and Level Annotations

Branches:
Dungeon (7/15)             Temple (1/1) D:5         Ossuary (visited)

Altars:
Cheibriados
Elyvilon
Fedhas
Gozag
Hepliaklqana
Kikubaaqudgha
Makhleb
Nemelex Xobeh
Qazlal
Ru
Sif Muna
Trog
Uskayaw
Vehumet
Xom
Yredelemnul
Zin
The Shining One

Shops:
D:6 :


Innate Abilities, Weirdness & Mutations

You have a pair of horns on your head.
You reflexively headbutt those who attack you in melee.


Message History

The hornet stings you.
You are more poisoned.
You feel as though you will be slow longer.
You slash the hornet! You freeze the hornet. Your headbutt misses the hornet.
The hornet is almost dead.
* * * LOW HITPOINT WARNING * * *
You feel extremely sick. The hornet stings you!
* * * LOW HITPOINT WARNING * * *
You are more poisoned.
You shrug off the repeated paralysis!
The hornet closely misses you.
It was a potion of curing.
You feel better. The hornet completely misses you.
The hornet stings you but does no damage.
You closely miss the hornet.
The hornet is almost dead.
You block the hornet's attack.
The hornet stings you but does no damage.
You hit the hornet but do no damage. Your headbutt misses the hornet.
The hornet is severely wounded.
The hornet closely misses you.
The hornet stings you but does no damage.
You miss the hornet. Your headbutt misses the hornet.
The hornet is severely wounded.
The hornet misses you. The hornet stings you!
* * * LOW HITPOINT WARNING * * *
You are lethally poisoned!
You feel as though you will be slow longer.
You barely miss the hornet.
The hornet is severely wounded.
* * * LOW HITPOINT WARNING * * *
You feel very sick. You block the hornet's attack. The hornet misses you.
You furiously retaliate!
You headbutt the hornet. You hit the hornet. You freeze the hornet.
The hornet is almost dead.
* * * LOW HITPOINT WARNING * * *
You feel sick.
The hornet stings you but does no damage.
The hornet stings you!
You die...

#......##.####.#.#
#.......#.#....#.#
#.......#.#.####.#
#...........# #.#
########.>.## #.#
(........## #.#
########.# #.# #.#
#.# #.# #@#
#......y.#
##########


You could see a hornet.

Vanquished Creatures
  An oklob plant (D:6)
  A komodo dragon (D:5)
  Prince Ribbit (D:7)
  2 wraiths (Ossuary)
  Eustachio (D:5)
  A water moccasin (D:5)
  2 ice beasts (D:6)
  2 centaurs
  2 kobold brigands
  2 phantoms
  3 scorpions
  7 wights
  3 killer bees (D:6)
  A howler monkey (D:5)
  5 hounds
  2 gnoll boudas
  2 jellies (D:5)
  Natasha (twice) (D:4)
  4 iguanas
  4 orc wizards (D:5)
  10 gnolls
  8 adders
  3 white imps
  3 adder zombies (Ossuary)
  3 worms
  3 dart slugs
  4 orcs
  6 endoplasms
  6 giant cockroaches
  5 goblins
  5 hobgoblins
  8 jackals (D:4)
  2 quokkas (D:1)
  4 ball pythons
  2 ball python skeletons (Ossuary)
  7 bats
  2 frilled lizards
  A hobgoblin skeleton (Ossuary)
  A hobgoblin zombie (Ossuary)
  13 kobolds
  A kobold zombie (Ossuary)
  An orc skeleton (Ossuary)
  An orc zombie (Ossuary)
  4 rats
151 creatures vanquished.

Vanquished Creatures (others)
  3 orc wizards (D:5)
3 creatures vanquished.

Grand Total: 154 creatures vanquished

Notes
Turn   | Place    | Note
-------+----------+-------------------------------------------
     0 | D:1      | Peloso the Minotaur Fighter began the quest for the Orb.
     0 | D:1      | Reached XP level 1. HP: 19/19 MP: 0/0
   166 | D:1      | Reached XP level 2. HP: 16/27 MP: 1/1
   655 | D:2      | Reached XP level 3. HP: 33/33 MP: 2/2
   674 | D:2      | Reached skill level 3 in Long Blades
   873 | D:2      | Found a faded altar of an unknown god.
   889 | D:2      | Found a snail-covered altar of Cheibriados.
  1255 | D:2      | Reached XP level 4. HP: 41/41 MP: 3/3
  1662 | D:3      | Reached skill level 4 in Long Blades
  2038 | D:4      | Reached skill level 1 in Dodging
  2060 | D:4      | Found an opulent altar of Gozag.
  2072 | D:4      | Reached XP level 5. HP: 47/47 MP: 4/4
  2104 | D:4      | Found a sand-covered staircase.
  2109 | Ossuary  | Entered an ossuary
  2239 | Ossuary  | Noticed a flying skull
  2239 | Ossuary  | Noticed a wraith
  2287 | Ossuary  | Noticed a flying skull
  2313 | Ossuary  | Noticed a wraith
  2325 | Ossuary  | Killed a wraith
  2326 | Ossuary  | Reached skill level 5 in Fighting
  2326 | Ossuary  | Reached skill level 5 in Long Blades
  2326 | Ossuary  | Reached skill level 5 in Armour
  2326 | Ossuary  | Reached XP level 6. HP: 24/56 MP: 5/5
  2441 | Ossuary  | Noticed a wraith
  2464 | Ossuary  | Killed a wraith
  2465 | Ossuary  | Reached skill level 6 in Long Blades
  2465 | Ossuary  | Reached XP level 7. HP: 19/61 MP: 6/6
  2591 | Ossuary  | Noticed a flying skull
  2865 | D:4      | Noticed Natasha
  2872 | D:4      | Killed Natasha
  3065 | D:4      | Noticed Natasha
  3071 | D:4      | Killed Natasha
  3115 | D:5      | Entered Level 5 of the Dungeon
  3231 | D:5      | Reached skill level 7 in Long Blades
  3781 | D:5      | Reached XP level 8. HP: 70/70 MP: 7/7
  3819 | D:5      | Noticed Eustachio
  3849 | D:5      | Killed Eustachio
  3996 | D:5      | Found a staircase to the Ecumenical Temple.
  4134 | Temple   | Entered the Ecumenical Temple
  4257 | D:5      | Reached skill level 8 in Long Blades
  4257 | D:5      | Reached skill level 5 in Shields
  4289 | D:5      | Noticed a komodo dragon
  4303 | D:5      | Killed a komodo dragon
  4426 | D:6      | Found Lyiss's Book Boutique.
  4540 | D:6      | Reached skill level 9 in Long Blades
  4540 | D:6      | Reached XP level 9. HP: 40/78 MP: 8/8
  5229 | D:6      | Reached skill level 10 in Long Blades
  5529 | D:6      | Found a blossoming altar of Fedhas.
  5554 | D:6      | Noticed an oklob plant
  5583 | D:6      | Killed an oklob plant
  6323 | D:7      | Noticed Prince Ribbit
  6330 | D:7      | Killed Prince Ribbit
  6439 | D:7      | Reached skill level 11 in Long Blades
  6589 | D:7      | Paralysed by a hornet for 2 turns
  6599 | D:7      | HP: 3/79 [poisoned by a hornet]
  6599 | D:7      | Mangled by a hornet

Illustrated notes

Levels and vault maps discovered:
D:1:      dpeg_arrival_long_road, layout_basic
D:2:      layout_basic, basic_altar, ebering_ecumenical_altar_mist
D:3:      layout_rooms, serial_park_tiny_pond, hangedman_feature_mirror
D:4:      layout_rooms, general_overflow_altar, enter_ossuary_2, uniq_natasha
D:5:      cheibrodos_barr_body, layout_basic, temple_hall,
          minmay_a_box_with_orc_wizards_in_it, uniq_eustachio
D:6:      layout_loops_ring, tgw_fedhas, serial_shops, nicolae_shop_tiny_glass,
          dreamdust_princess_corridor
D:7:      layout_basic, uniq_joseph, uniq_prince_ribbit1, uniq_maggie
Temple:   eino_wide_crystal_templ

Skill      XL: |  1  2  3  4  5  6  7  8  9 |
---------------+----------------------------+-----
Shields        | 4 5 6 |  6.2
Fighting       | 4 5 6 7 |  7.4
Armour         | 4 5 6 8 9 |  9.8
Long Blades    | 3 4 5 6 7 9 11 | 11.0
Dodging        | 1 2 3 4 |  4.1
Stealth        | |  0.1

Action                     |  1- 3 |  4- 6 |  7- 9 || total
---------------------------+-------+-------+-------++-------
  Melee: Long sword        |    89 |   116 |   523 ||   728
         Headbutt          |     8 |    22 |   135 ||   165
    Use: Scroll            |     1 |     5 |     8 ||    14
         Potion            |     1 |       |     7 ||     8
 Armour: Scale mail        |    49 |       |       ||    49
         Chain mail        |    13 |    62 |   294 ||   369
  Dodge: Dodged            |    36 |    51 |   169 ||   256
  Block: Buckler           |    26 |    21 |    81 ||   128
